 Dungeon Crawl Stone Soup version 0.20-b1-2-gc5a9893 (webtiles) character file.

14340 tcpcsj the Cleaver (level 11, -1/151 HPs)
             Began as a Minotaur Berserker on May 21, 2017.
             Was an Elder of Trog.
             Slain by a demonic crawler (6 damage)
             ... summoned by a deep elf mage
             ... on level 11 of the Dungeon.
             The game lasted 00:28:47 (8501 turns).

tcpcsj the Cleaver (Minotaur Berserker)             Turns: 8501, Time: 00:28:48

Health: -1/151     AC: 16    Str: 29    XL:     11   Next: 87%
Magic:  10/10      EV:  8    Int:  4    God:    Trog [****..]
Gold:   469        SH: 12    Dex: 11    Spells: 10/10 levels left

rFire    . . .     SeeInvis +   r - +1 war axe
rCold    . . .     Gourm    .   B - +0 shield
rNeg     . . .     Faith    .   o - +1 plate armour
rPois    +         Spirit   .   D - +0 hat {MR+}
rElec    .         Reflect  .   P - scarf {cloud immunity}
rCorr    .         Harm     .   (no gloves)
MR       +++..                  (no boots)
Stlth    ..........             (no amulet)
Regen    1.4/turn               b - ring of see invisible
MPRegen  0.2/turn               (no ring)

@: berserking, very slightly contaminated, regenerating, very quick
A: retaliatory headbutt, horns 2, poison resistance, shaggy fur 1, wild magic 1
a: Berserk, Trog's Hand, Brothers in Arms, Burn Spellbooks, Renounce Religion


You were on level 11 of the Dungeon.
You worshipped Trog.
Trog was greatly pleased with you.
You were hungry.

You visited 1 branch of the dungeon, and saw 11 of its levels.

You collected 469 gold pieces.

Inventory:

Hand Weapons
 a - a +0 hand axe
 c - a +1 falchion of protection
 d - a +4 scimitar of freezing
 r - a +1 war axe (weapon)
 s - a +1 whip of electrocution
Missiles
 q - 15 tomahawks
 H - 4 tomahawks of dispersal (quivered)
 J - 7 tomahawks of returning
Armour
 o - a +1 plate armour (worn)
 B - a +0 shield (worn)
 D - a +0 hat of magic resistance (worn)
 P - a scarf of cloud immunity (worn)
Jewellery
 b - a ring of see invisible (left hand)
 e - an uncursed ring of ice
 v - an uncursed ring of poison resistance
 y - an uncursed ring of resist corrosion {unknown}
 G - an uncursed ring of resist corrosion {unknown}
 L - a cursed amulet of inaccuracy {unknown}
Wands
 j - a wand of lightning (8/15)
 n - a wand of random effects (28/48)
 w - a wand of confusion (22/48)
 x - a wand of paralysis (11/24)
 z - a wand of acid (9/15)
 A - a wand of confusion (24/48)
Scrolls
 f - 2 scrolls of identify
 h - 5 scrolls of teleportation
 i - 8 scrolls of remove curse
 k - a scroll of immolation
 m - 5 scrolls of magic mapping
 F - 3 scrolls of blinking
 K - a scroll of fear {unknown}
 M - a scroll of noise {unknown}
Potions
 C - a potion of magic
 E - a potion of brilliance
 I - a potion of cancellation {unknown}
 N - a potion of might {unknown}
Comestibles
 g - 3 meat rations
 p - 6 royal jellies
 u - 2 bread rations


   Skills:
 + Level 10.7 Fighting
 + Level 14.4 Axes
 * Level 1.6(9.7) Maces & Flails
 + Level 0.2 Throwing
 + Level 10.7 Armour
 + Level 4.3 Dodging
 + Level 1.2 Stealth
 + Level 9.1 Shields
 + Level 0.6 Evocations


You had 10 spell levels left.
You didn't know any spells.

Dungeon Overview and Level Annotations

Branches:
Dungeon (11/15)            Temple (0/1) D:7            Lair (0/6) D:10
    Orc: D:9-12

Altars:
Ashenzari
Cheibriados
Elyvilon
Fedhas
Kikubaaqudgha
Ru

Shops:
D:4 [!   D:8 =

Annotations:
D:4 Nice items in shop


Innate Abilities, Weirdness & Mutations

You reflexively headbutt those who attack you in melee.
You have a pair of horns on your head.
Your system is resistant to poisons. (rPois)
You are covered in fur. (AC +1)
Your spells are a little harder to cast, but a little more powerful.


Message History

You closely miss the deep elf mage. You headbutt the deep elf mage.
The deep elf mage is severely wounded.
Your plate armour prevents you from hitting the demonic crawler.
You slash the demonic crawler! The demonic crawler closely misses you.
The demonic crawler hits you.
* * * LOW HITPOINT WARNING * * *
The demonic crawler hits you!
* * * LOW HITPOINT WARNING * * *
The deep elf mage casts a spell.
You closely miss the deep elf mage. You headbutt the deep elf mage!
The deep elf mage is almost dead.
You slice the demonic crawler!!
You hit the demonic crawler but do no damage.
The demonic crawler hits you!
* * * LOW HITPOINT WARNING * * *
The demonic crawler hits you!
* * * LOW HITPOINT WARNING * * *
The demonic crawler barely misses you.
You block the demonic crawler's attack. x2
The demonic crawler hits you.
You die...

########### ######
#.........# .....#
#.........#
...r5######.........#
...s......#.........#
....e####†'.........#
.....# ###....e....#
.....# #..5ss@...#
###### #..3.s)...#
###'####### #..###
##...### ###...#
########'###
#..........#
+..........#


You could see 2 demonic crawlers, a deep elf mage, a neqoxec, a redback and a
crimson imp.

Vanquished Creatures
  Gastronok (D:9)
  A hydra (D:11)
  The ghost of Jawreze the Carver, a journeyman HuFi of Okawaru (D:11)
  A two-headed ogre (D:11)
  An unseen horror (D:11)
  Pikel (D:7)
  A deep elf mage (D:10)
  A centaur zombie (D:11)
  A komodo dragon (D:11)
  A hornet (D:11)
  A queen bee (D:8)
  2 hippogriffs
  A shadow (D:10)
  2 vampires
  6 yaks (D:11)
  A wyvern (D:11)
  Menkaure (D:5)
  The ghost of Onaxys the Skirmisher, an amateur OgBe of Trog (D:3)
  A water moccasin (D:11)
  3 orc warriors
  5 ice beasts
  A slave (D:7)
  2 phantoms
  A necrophage (D:11)
  2 sky beasts
  A black bear (D:11)
  3 ogres
  A crocodile (D:11)
  4 centaurs
  3 big kobolds
  8 bullfrogs
  3 scorpions
  24 killer bees
  4 wights (D:8)
  7 crimson imps
  A quasit (D:9)
  2 hounds
  5 jellies
  8 orc priests
  3 bullfrog skeletons
  2 iguanas
  10 orc wizards
  4 worker ants
  A hound zombie (D:9)
  A hound skeleton (D:5)
  7 adders
  3 gnolls (D:5)
  4 shadow imps
  2 adder zombies
  4 adder skeletons
  3 worms
  5 leopard geckos
  28 orcs
  2 ball pythons
  4 bats
  2 giant cockroaches
  7 goblins
  7 hobgoblins
  9 jackals
  3 quokkas
  5 frilled lizards
  A jackal zombie (D:7)
  17 kobolds
  7 rats
255 creatures vanquished.

Vanquished Creatures (collateral kills)
  A two-headed ogre (D:11)
  A cyclops (D:11)
  A kobold demonologist (D:11)
3 creatures vanquished.

Vanquished Creatures (others)
  A hound (D:7)
  An orc wizard (D:7)
  An adder (D:7)
  A giant cockroach (D:7)
4 creatures vanquished.

Grand Total: 262 creatures vanquished

Notes
Turn   | Place    | Note
-------+----------+-------------------------------------------
     0 | D:1      | tcpcsj the Minotaur Berserker began the quest for the Orb.
     0 | D:1      | Reached XP level 1. HP: 19/19 MP: 0/0
    43 | D:1      | Reached skill level 4 in Axes
   144 | D:1      | Reached XP level 2. HP: 27/27 MP: 1/1
   874 | D:2      | Reached XP level 3. HP: 32/33 MP: 2/2
   891 | D:2      | Reached ** piety under Trog
   912 | D:2      | Found a blossoming altar of Fedhas.
  1199 | D:2      | Found a sacrificial altar of Ru.
  1241 | D:3      | Noticed Onaxys's ghost (amateur OgBe)
  1242 | D:3      | Reached XP level 4. HP: 28/41 MP: 3/3
  1254 | D:3      | Killed Onaxys's ghost
  1254 | D:3      | Reached skill level 5 in Axes
  1254 | D:3      | Reached XP level 5. HP: 42/47 MP: 4/4
  1369 | D:3      | Found a faded altar of an unknown god.
  2315 | D:4      | Found Ascheidd's Armour Emporium.
  2347 | D:4      | Found a shattered altar of Ashenzari.
  2537 | D:4      | Reached skill level 6 in Axes
  2672 | D:4      | Found Jodul's Distillery.
  2961 | D:5      | Entered Level 5 of the Dungeon
  2981 | D:5      | Reached skill level 5 in Fighting
  2984 | D:5      | Reached XP level 6. HP: 55/56 MP: 5/5
  3069 | D:5      | Noticed Menkaure
  3082 | D:5      | Killed Menkaure
  3085 | D:5      | Reached skill level 7 in Axes
  3103 | D:5      | Found an ancient bone altar of Kikubaaqudgha.
  3111 | D:5      | Reached XP level 7. HP: 40/61 MP: 6/6
  3601 | D:6      | Reached skill level 8 in Axes
  3601 | D:6      | Reached skill level 5 in Armour
  3605 | D:6      | Reached *** piety under Trog
  3879 | D:7      | Reached XP level 8. HP: 39/70 MP: 7/7
  4000 | D:7      | Reached skill level 1 in Shields
  4023 | D:7      | Reached skill level 9 in Axes
  4027 | D:7      | Noticed Pikel
  4062 | D:7      | Killed Pikel
  4117 | D:7      | Found a staircase to the Ecumenical Temple.
  4185 | D:7      | Reached skill level 10 in Axes
  4257 | D:7      | Found a blossoming altar of Fedhas.
  4293 | D:7      | Reached XP level 9. HP: 61/79 MP: 8/8
  4585 | D:7      | Gained mutation: Your system is resistant to poisons. (rPois) [potion of mutation]
  4585 | D:7      | Gained mutation: Your spells are a little harder to cast, but a little more powerful. [potion of mutation]
  4585 | D:7      | Gained mutation: You are covered in fur. (AC +1) [potion of mutation]
  4639 | D:8      | Found Heesie's Jewellery Shoppe.
  5199 | D:8      | Reached skill level 11 in Axes
  5625 | D:8      | Reached skill level 5 in Shields
  5640 | D:8      | Noticed a queen bee
  5647 | D:8      | Killed a queen bee
  5648 | D:8      | Reached XP level 10. HP: 30/90 MP: 9/9
  6219 | D:8      | Reached skill level 1 in Stealth
  6296 | D:9      | Reached **** piety under Trog
  6553 | D:9      | Found a snail-covered altar of Cheibriados.
  6664 | D:9      | Noticed Gastronok
  6681 | D:9      | Killed Gastronok
  6681 | D:9      | Reached skill level 12 in Axes
  7051 | D:10     | Entered Level 10 of the Dungeon
  7149 | D:10     | Reached ***** piety under Trog
  7174 | D:10     | Found a staircase to the Lair.
  7257 | D:10     | Noticed a deep elf mage
  7266 | D:10     | HP: 2/91 [deep elf mage/bolt of magma (32)]
  7268 | D:10     | Killed a deep elf mage
  7754 | D:10     | Reached skill level 10 in Armour
  7754 | D:10     | Reached XP level 11. HP: 97/97 MP: 10/10
  8082 | D:11     | Noticed Jawreze's ghost (journeyman HuFi)
  8092 | D:11     | Killed Jawreze's ghost
  8092 | D:11     | Reached skill level 13 in Axes
  8105 | D:11     | Noticed a two-headed ogre
  8124 | D:11     | Killed a two-headed ogre
  8313 | D:11     | Reached skill level 10 in Fighting
  8346 | D:11     | Reached skill level 14 in Axes
  8356 | D:11     | Noticed an unseen horror
  8370 | D:11     | Killed an unseen horror
  8393 | D:11     | Found a white marble altar of Elyvilon.
  8431 | D:11     | Noticed a six-headed hydra
  8441 | D:11     | Killed a six-headed hydra
  8441 | D:11     | Reached skill level 1 in Maces & Flails
  8451 | D:11     | Noticed a deep elf mage
  8455 | D:11     | Noticed a two-headed ogre
  8496 | D:11     | Killed a two-headed ogre
  8501 | D:11     | HP: 5/151 [demonic crawler[a deep elf mage] (8)]
  8501 | D:11     | Slain by a demonic crawler

Skill      XL: |  1  2  3  4  5  6  7  8  9 10 11 |
---------------+----------------------------------+-----
Axes           | 4 5 6 7 8 10 11 12 14 | 14.4
Fighting       | 4 5 6 7 8 9 10 | 10.7
Armour         | 3 4 5 6 8 10 | 10.7
Dodging        | 3 4 |  4.3
Shields        | 3 5 7 9 |  9.1
Stealth        | 1 |  1.2
Maces & Flails | 1 |  1.6
Throwing       | |  0.2
Evocations     | |  0.6

Action                   |  1- 3 |  4- 6 |  7- 9 | 10-12 || total
-------------------------+-------+-------+-------+-------++-------
Melee: Hand axe          |    78 |    12 |       |       ||    90
       Headbutt          |    13 |    21 |    54 |    82 ||   170
       War axe           |       |   113 |   315 |   365 ||   793
       Whip              |       |       |       |     5 ||     5
Throw: Tomahawk          |       |       |       |     1 ||     1
Invok: Trog's Hand       |       |     3 |     6 |     5 ||    14
       Berserk           |       |     1 |     3 |     4 ||     8
       Burn Spellbooks   |       |       |     2 |     1 ||     3
       Brothers in Arms  |       |       |       |     3 ||     3
Evoke: Wand              |       |       |     3 |       ||     3
  Use: Scroll            |       |       |    11 |     3 ||    14
       Potion            |       |       |    13 |     3 ||    16
 Stab: Paralysed         |       |       |     2 |       ||     2
       Invisible         |       |       |       |     1 ||     1
  Eat: Bread ration      |     1 |     1 |     1 |       ||     3
       Royal jelly       |       |     1 |     2 |     2 ||     5
       Meat ration       |       |       |     1 |     1 ||     2
       Fruit             |       |       |       |     3 ||     3
       Chunk             |       |       |       |     3 ||     3
Armor: Animal skin       |     6 |       |       |       ||     6
       Plate armour      |    34 |    96 |   198 |   200 ||   528
Dodge: Dodged            |    49 |    54 |   101 |    92 ||   296
Block: Shield            |       |       |   173 |   199 ||   372
